 Dungeon Crawl Stone Soup version bcrawl-1.19-7-g22fd707d3b (webtiles) character file.

Game seed: 3446302167747856079

7609 Mrkan the Grappler (level 10, -1/104 HPs)
             Began as a Troll Hunter on Nov 16, 2019.
             Was a Priest of Yredelemnul.
             Slain by a freezing wraith (18 damage)
             ... led by a death knight
             ... on level 9 of the Dungeon.
             The game lasted 00:16:52 (7369 turns).

Mrkan the Grappler (Troll Hunter)                   Turns: 7369, Time: 00:16:53

Health: -1/104     AC: 10    Str: 22    XL:     10   Next: 98%
Magic:  13/14      EV: 10    Int: 11    God:    Yredelemnul [***...]
Gold:   754        SH:  0    Dex: 10    Spells: 9/9 levels left

rFire    . . .     SeeInvis .     - Unarmed
rCold    . . .     Gourm    +   (no shield)
rNeg     + . .     Faith    .   (armour unavailable)
rPois    .         Spirit   .   f - +2 hat {MR+}
rElec    +         Reflect  .   (no cloak)
rCorr    .         Harm     .   (gloves unavailable)
MR       +....                  (boots unavailable)
Stlth    ++........             h - amulet of regeneration
HPRegen  1.07/turn              r - ring of insulation
MPRegen  0.14/turn              u - ring of Freedom {rN+ Stlth+}

@: no status effects
A: large, almost no armour, unfitting armour, claws 3, fast metabolism 3,
gourmand, regeneration 1, AC +8
a: Recall Undead Slaves, Injury Mirror, Animate Dead, Renounce Religion


You were on level 9 of the Dungeon.
You worshipped Yredelemnul.
Yredelemnul was most pleased with you.
You were completely stuffed.

You visited 1 branch of the dungeon, and saw 9 of its levels.

You collected 754 gold pieces.

Inventory:

Missiles
 b - 120 large rocks (quivered)
 c - 4 throwing nets {!f}
 v - 81 javelins
Armour
 f - a +2 hat of magic resistance (worn)
Jewellery
 h - an amulet of regeneration (around neck)
 r - a ring of insulation (left claw)
 u - the ring of Freedom (right claw) {rN+ Stlth+}
   (You found it on level 7 of the Dungeon)

   [ring of positive energy]

   It protects you from negative energy.
   It makes you more stealthy.
 F - a +3 ring of dexterity {unknown}
 G - a +2 ring of intelligence {unknown}
Wands
 x - a wand of enslavement (9)
 y - a wand of polymorph (8)
Scrolls
 a - 7 scrolls of remove curse
 g - a scroll of teleportation
 j - a scroll of blinking
 l - 3 scrolls of fear
 n - 6 scrolls of identify
 s - a scroll of enchant weapon
 t - 3 scrolls of amnesia
 B - 2 scrolls of fog
 E - 3 scrolls of enchant armour {unknown}
Potions
 e - 7 potions of curing
 i - a potion of lignification
 k - 4 potions of ambrosia
 m - 2 potions of agility
 o - a potion of invisibility {unknown}
 p - a potion of brilliance {unknown}
 q - a potion of cancellation
 w - 3 potions of haste
 z - a potion of mutation {unknown}
 A - a potion of resistance
 D - 2 potions of flight {unknown}
Comestibles
 d - 22 rations {!d}
 C - 3 chunks of flesh


   Skills:
 + Level 8.1 Fighting
 - Level 8.0 Throwing
 - Level 1.5 Dodging
 - Level 0.4 Stealth
 + Level 9.7 Unarmed Combat
 * Level 6.7 Invocations


You had 9 spell levels left.
You didn't know any spells.
Your spell library contained the following spells:

 Spells                   Type           Power        Failure   Level  Hunger
 Animate Skeleton         Necr           N/A          34%         1    ##.....
 Pain                     Necr           #.....       34%         1    ##.....
 Regeneration             Chrm/Necr      #.........   71%         3    ####...
 Vampiric Draining        Necr           #.........   71%         3    ####...
 Animate Dead             Necr           N/A          98%         4    #####..
 Bolt of Draining         Conj/Necr      #.........   100%        5    ######.


Dungeon Overview and Level Annotations

Branches:
Dungeon (9/12)             Temple (0/1) D:7            Lair (0/6) D:9
    Orc (0/1) D:8

Altars:
Cheibriados
Fedhas
Gozag
Hepliaklqana
Kikubaaqudgha
Nemelex Xobeh
Okawaru
Trog
Vehumet
Wu Jian
Yredelemnul
The Shining One

Shops:
D:4 (   D:8 [

Annotations:
D:3 1 runed translucent door, Freyura's ghost, amateur GrFi


Innate Abilities, Weirdness & Mutations

You cannot wear most types of armour.
Your thick skin is tough. (AC +8)
You are too large for most types of armour.
You have claws for hands.
Your metabolism is lightning-fast.
You like to eat raw meat.
Your natural rate of healing is unusually fast.


Message History

You barely miss the skeletal warrior.
The skeletal warrior is severely damaged.
The skeletal warrior hits you with a +0 scimitar.
You mangle the skeletal warrior!!
The skeletal warrior is almost destroyed.
The skeletal warrior hits you with a +0 scimitar!
You scratch the skeletal warrior.
You destroy the skeletal warrior!
You claw the freezing wraith!
The freezing wraith is moderately damaged.
The freezing wraith hits you. The freezing wraith freezes you!
* * * LOW HITPOINT WARNING * * *
The freezing wraith closely misses you.
You claw the freezing wraith!
The freezing wraith is severely damaged.
The freezing wraith hits you!
* * * LOW HITPOINT WARNING * * *
The freezing wraith freezes you!!
You die...
Your body rises from the dead as a mindless zombie.

####'#######.... #...##
###'# ###..# #.... ##.#
####) #.# #....
####.#######. #+#####
#.......##ยง'.
......W#######.).....####.
.....YYYW@..##.......#####
.....YY####..........>.#
....... ####.........#
####### ##.########
#...### ### ###...##
##.### ###..# #.(..#####
########[## ###.#.....#
#.........#


You could see 2 freezing wraiths and 5 yaks.

Vanquished Creatures
  A skeletal warrior (D:9)
  2 centaur zombies
  3 centaur skeletons
  A troll (D:9)
  Prince Ribbit (D:6)
  2 hippogriffs (D:8)
  A wyvern (D:8)
  A human (D:9)
  A hungry ghost (D:6)
  A soldier ant (D:9)
  2 ice beasts
  5 orc warriors
  3 sky beasts
  3 ogres
  4 centaurs
  2 crocodiles (D:7)
  A big kobold (D:9)
  4 bullfrogs
  2 scorpions
  9 killer bees
  2 wights (D:5)
  6 howler monkeys
  5 jellies
  A bullfrog zombie (D:6)
  A crimson imp (D:7)
  3 hounds
  A bullfrog skeleton (D:7)
  5 orc priests
  5 iguanas
  8 orc wizards
  4 worker ants
  A hound zombie (D:5)
  2 hound skeletons
  A mummy (D:7)
  2 worker ant zombies
  10 adders
  A shadow imp (D:9)
  5 worms
  2 dart slugs
  2 leopard geckos
  17 orcs
  2 ball pythons
  4 giant cockroaches
  8 goblins
  12 hobgoblins
  8 jackals
  5 quokkas
  4 bats
  5 frilled lizards
  A jackal skeleton (D:5)
  4 kobolds
  8 rats
  A bush (D:6)
195 creatures vanquished.

Vanquished Creatures (collateral kills)
  An ugly thing (D:6)
  A troll (D:4)
  A water moccasin (D:6)
  A wight (D:5)
  A howler monkey (D:5)
  A crimson imp (D:6)
  A hound (D:5)
  3 orc wizards
  2 orcs (D:5)
  A bush (D:6)
13 creatures vanquished.

Vanquished Creatures (others)
  2 wights (D:7)
  2 mummies
4 creatures vanquished.

Grand Total: 212 creatures vanquished

Notes
Turn   | Place    | Note
-------+----------+-------------------------------------------
     0 | D:1      | Mrkan the Troll Hunter began the quest for the Orb.
     0 | D:1      | Reached XP level 1. HP: 19/19 MP: 0/0
   397 | D:1      | Reached skill level 1 in Unarmed Combat
   408 | D:1      | Reached XP level 2. HP: 3/28 MP: 1/1
   408 | D:1      | HP: 1/28 [goblin (2)]
   980 | D:1      | Reached skill level 2 in Unarmed Combat
  1344 | D:2      | Reached XP level 3. HP: 35/35 MP: 2/2
  1596 | D:2      | Found a radiant altar of Vehumet.
  1602 | D:2      | Reached skill level 3 in Unarmed Combat
  1602 | D:2      | Gained mutation: Your natural rate of healing is unusually
                  | fast. [Troll growth]
  1602 | D:2      | Reached XP level 4. HP: 44/44 MP: 3/3
  2032 | D:3      | Found a runed translucent door.
  2032 | D:3      | Noticed Freyura's ghost (amateur GrFi)
  2091 | D:3      | Reached XP level 5. HP: 48/50 MP: 4/4
  2447 | D:4      | Reached skill level 4 in Unarmed Combat
  2482 | D:4      | Reached XP level 6. HP: 28/61 MP: 5/5
  2627 | D:4      | Found a basalt altar of Yredelemnul.
  2648 | D:4      | Became a worshipper of Yredelemnul the Dark
  2682 | D:4      | Reached skill level 5 in Unarmed Combat
  2824 | D:4      | Noticed a troll
  2830 | D:4      | Killed a troll
  2830 | D:4      | Reached skill level 6 in Unarmed Combat
  2830 | D:4      | Reached XP level 7. HP: 48/68 MP: 6/6
  2893 | D:4      | Found Vituag's Antique Weapon Shop.
  3006 | D:5      | Entered Level 5 of the Dungeon
  3147 | D:5      | Reached skill level 7 in Unarmed Combat
  3147 | D:5      | Reached XP level 8. HP: 72/79 MP: 7/7
  3172 | D:5      | Reached skill level 8 in Unarmed Combat
  3178 | D:5      | Reached skill level 5 in Fighting
  3397 | D:5      | Found a blossoming altar of Fedhas.
  3999 | D:6      | Found an opulent altar of Gozag.
  4002 | D:6      | Found a glowing golden altar of the Shining One.
  4024 | D:6      | Found an ancient bone altar of Kikubaaqudgha.
  4049 | D:6      | Noticed Prince Ribbit
  4177 | D:6      | Reached skill level 5 in Throwing
  4229 | D:6      | Killed Prince Ribbit
  4229 | D:6      | Reached XP level 9. HP: 79/89 MP: 8/8
  4317 | D:6      | Noticed a purple ugly thing
  4325 | D:6      | Killed a purple ugly thing
  4327 | D:6      | Reached * piety under Yredelemnul
  4632 | D:6      | Found an iron altar of Okawaru.
  4640 | D:6      | Found a hazy altar of Hepliaklqana.
  5074 | D:7      | Got a shimmering tin ring
  5291 | D:7      | Found a snail-covered altar of Cheibriados.
  5427 | D:7      | Found a staircase to the Ecumenical Temple.
  5841 | D:8      | Reached skill level 1 in Invocations
  5960 | D:8      | Reached XP level 10. HP: 92/102 MP: 10/10
  6066 | D:8      | Reached ** piety under Yredelemnul
  6377 | D:8      | Reached skill level 9 in Unarmed Combat
  6441 | D:8      | Found a bloodstained altar of Trog.
  6454 | D:8      | Found Bemeh's Armour Emporium.
  6689 | D:8      | Found a staircase to the Orcish Mines.
  6838 | D:9      | Reached skill level 5 in Invocations
  6931 | D:9      | Found a sparkling altar of Nemelex Xobeh.
  7028 | D:9      | Identified the ring of Freedom {rN+ Stlth+} (You found it
                  | on level 7 of the Dungeon)
  7098 | D:9      | Found a staircase to the Lair.
  7167 | D:9      | Reached *** piety under Yredelemnul
  7280 | D:9      | Found an ornate altar of the Wu Jian Council.
  7344 | D:9      | Noticed a death knight
  7344 | D:9      | Noticed a skeletal warrior
  7367 | D:9      | Killed a skeletal warrior
  7369 | D:9      | Slain by a freezing wraith

Skill      XL: |  1  2  3  4  5  6  7  8  9 10 |
---------------+-------------------------------+-----
Unarmed Combat | 1 2 3 4 6 7 8 9 |  9.7
Fighting       | 2 3 4 5 7 8 |  8.1
Throwing       | 5 8 |  8.0
Invocations    | 2 6 |  6.7
Dodging        | |  1.5
Stealth        | |  0.4

Action                   |  1- 3 |  4- 6 |  7- 9 | 10-12 || total
-------------------------+-------+-------+-------+-------++-------
Melee: Unarmed           |   137 |   120 |   252 |   208 ||   717
       Punch             |     1 |     1 |     6 |    10 ||    18
  Use: Scroll            |       |       |    16 |       ||    16
       Potion            |       |       |     1 |       ||     1
 Stab: Sleeping          |       |     2 |     1 |       ||     3
       Distracted        |       |       |     1 |       ||     1
  Eat: Chunk             |    15 |     8 |    20 |     9 ||    52
       Ration            |       |       |     1 |       ||     1
Armor: Skin              |    52 |    39 |    92 |    83 ||   266
Dodge: Dodged            |    68 |    67 |    94 |    96 ||   325
